 Dungeon Crawl Stone Soup version 0.18-a0-1800-gdc7a371 (webtiles) character file.

2162 Kenran the Cruncher (level 9, 0/55 HPs)
             Began as a Gargoyle Gladiator on Apr 24, 2016.
             Was an Initiate of Cheibriados.
             Slain by an orc warrior
             ... wielding a +0 scimitar
              (9 damage)
             ... on level 7 of the Dungeon.
             The game lasted 01:01:54 (6854 turns).

Kenran the Cruncher (Gargoyle Gladiator)            Turns: 6854, Time: 01:01:54

Health: 0/55       AC: 23    Str: 23    XL:     9   Next: 32%
Magic:  10/10      EV:  7    Int: 10    God:    Cheibriados [......]
Gold:   336        SH:  0    Dex: 11    Spells: 0 memorised, 8 levels left

rFire  . . .     SeeInvis .     a - +0 quarterstaff
rCold  . . .     Gourm    .     r - +0 plate armour
rNeg   + . .     Faith    .     (shield currently unavailable)
rPois  ∞         Spirit   .     c - +0 helmet
rElec  +         Dismiss  .     (no cloak)
rCorr  .         Reflect  .     i - +1 pair of gloves
SustAt .         Harm     .     t - +0 pair of boots {Stlth+}
MR     .....                    (no amulet)
Stlth  ..........               (no ring)
                                (no ring)

@: very slow, not resistant to hostile enchantments, extremely unstealthy
A: negative energy resistance 1, electricity resistance, unbreathing,
petrification resistance, rot immunity, AC +5
a: Bend Time, Renounce Religion


You were on level 7 of the Dungeon.
You worshipped Cheibriados.
Cheibriados was noncommittal.
You were not hungry.

You visited 2 branches of the dungeon, and saw 8 of its levels.

You collected 375 gold pieces.
You spent 39 gold pieces at shops.

Inventory:

Hand Weapons
 a - a +0 quarterstaff (weapon)
Armour
 c - a +0 helmet (worn)
 i - a +1 pair of gloves (worn)
 r - a +0 plate armour (worn)
 t - a +0 pair of boots of stealth (worn)
Jewellery
 o - an uncursed ring of stealth {unknown}
 w - an uncursed amulet of magic regeneration {unknown}
 x - an uncursed ring of magical power {unknown}
 D - a +3 ring of protection {unknown}
Wands
 F - a wand of confusion (27/48)
 K - a wand of random effects (20/48)
Scrolls
 e - 5 scrolls of teleportation
 h - a scroll of fog {unknown}
 k - a scroll of noise {unknown}
 m - 4 scrolls of identify {unknown}
 n - 3 scrolls of remove curse
 q - 2 scrolls of enchant weapon {unknown}
 s - a scroll of enchant armour {unknown}
 y - a scroll of amnesia {unknown}
 z - a scroll of immolation {unknown}
 C - a scroll of random uselessness {unknown}
 E - a scroll of vulnerability {unknown}
Potions
 b - a potion of brilliance {unknown}
 d - 2 potions of flight {unknown}
 j - 3 potions of curing
 l - 3 potions of might {unknown}
 u - a potion of ambrosia {unknown}
 v - 2 potions of resistance {unknown}
 A - a potion of degeneration {unknown}
 B - 3 potions of heal wounds {unknown}
 J - a potion of magic {unknown}
 L - a potion of haste {unknown}
Books
 p - a book of Transfigurations

   Spells                             Type                      Level
   a - Irradiate                      Conjuration/Transmutation    5
   b - Statue Form                    Transmutation/Earth          6
   c - Hydra Form                     Transmutation                6
   d - Dragon Form                    Transmutation                7
Comestibles
 f - 5 bread rations
 g - 6 meat rations
 G - 2 fruits
 H - a chunk of flesh
 I - a slice of pizza


   Skills:
 - Level 6.0 Fighting
 * Level 9.3 Staves
 - Level 1.7 Throwing
 - Level 6.6 Armour
 - Level 2.4 Dodging
 + Level 1.4 Invocations


You had 8 spell levels left.
You didn't know any spells.

Dungeon Overview and Level Annotations

Branches:
Dungeon (7/15)             Temple (1/1) D:6

Altars:
Ashenzari
Cheibriados
Elyvilon
Gozag
Kikubaaqudgha
Nemelex Xobeh
Pakellas
Ru
Trog
Xom
Yredelemnul
The Shining One

Shops:
D:5 !   D:6 (


Innate Abilities, Weirdness & Mutations

You are resistant to torment.
Your stone body is resilient (AC +5).
You are immune to poison.
You resist negative energy.
You are resistant to electric shocks.
You can survive without breathing.
You are immune to petrification.
You are immune to rotting.


Message History

The orc warrior is almost dead.
The orc warrior hits you with a scimitar!
You hit the orc warrior but do no damage.
The orc warrior is almost dead.
You hit the orc warrior but do no damage.
The orc warrior is almost dead.
The orc warrior hits you but does no damage.
You barely miss the orc warrior.
The orc warrior is almost dead.
The orc warrior hits you but does no damage.
You hit the orc warrior.
The orc warrior is almost dead.
You hit the orc warrior.
The orc warrior is almost dead.
The orc warrior hits you with a scimitar!
* * * LOW HITPOINT WARNING * * *
You closely miss the orc warrior.
The orc warrior is almost dead.
The orc warrior hits you with a scimitar!
You die...

########################
....................oo..
..#####.####.....# ..#
#.# #...o@# ..# #.#
#...).# .## #.# #.....#
.# ###'####[....# .#
#............# .#
#.......###### .#
#.^.....# .# ###+#####
.#


You could see an orc warrior.

Vanquished Creatures
  Sigmund (D:3)
  Menkaure (D:4)
  A water moccasin (D:7)
  Duvessa (D:6)
  A black bear (D:5)
  A phantom (D:6)
  2 ogres
  A necrophage (D:6)
  A centaur (D:7)
  2 giant frogs (D:6)
  Dowan (D:6)
  A howler monkey (D:6)
  A hound (D:5)
  3 giant frog skeletons (D:5)
  A jelly (D:5)
  7 orc priests
  2 iguanas (D:6)
  4 orc wizards
  6 worker ants
  A killer bee zombie (D:5)
  5 gnolls
  7 adders
  A shadow imp (D:5)
  2 oozes
  An adder skeleton (D:5)
  An adder zombie (D:6)
  4 worms
  12 dart slugs
  2 giant geckos (D:3)
  24 orcs
  7 bats
  5 giant cockroaches
  6 goblins
  8 hobgoblins
  4 jackals
  2 quokkas (D:3)
  3 ball pythons
  2 giant gecko skeletons
  5 giant newts
  2 jackal skeletons
  5 kobolds
  7 rats
154 creatures vanquished.

Notes
Turn   | Place    | Note
--------------------------------------------------------------
     0 | D:1      | Kenran the Gargoyle Gladiator began the quest for the Orb.
     0 | D:1      | Reached XP level 1. HP: 12/12 MP: 1/1
    65 | D:1      | Reached XP level 2. HP: 14/17 MP: 2/2
   388 | D:1      | Reached skill level 4 in Staves
   434 | D:1      | Reached XP level 3. HP: 21/21 MP: 3/3
   990 | D:2      | Reached XP level 4. HP: 24/26 MP: 4/4
  1101 | D:2      | Found a shimmering altar of Xom.
  1329 | D:2      | Reached skill level 5 in Staves
  1904 | D:3      | Reached XP level 5. HP: 24/30 MP: 5/5
  2265 | D:3      | Reached skill level 6 in Staves
  2534 | D:3      | Noticed Sigmund
  2598 | D:4      | Found a sparkling altar of Nemelex Xobeh.
  2599 | D:4      | Noticed an ogre
  2695 | D:4      | Reached skill level 1 in Armour
  2710 | D:4      | Reached XP level 6. HP: 25/35 MP: 6/6
  3108 | D:4      | Noticed Menkaure
  3114 | D:4      | Killed Menkaure
  3114 | D:4      | Reached skill level 7 in Staves
  3114 | D:4      | Reached XP level 7. HP: 25/40 MP: 7/7
  3923 | D:3      | Killed Sigmund
  3923 | D:3      | Reached skill level 8 in Staves
  4117 | D:5      | Entered Level 5 of the Dungeon
  4213 | D:5      | Reached skill level 9 in Staves
  4213 | D:5      | Reached XP level 8. HP: 33/44 MP: 8/8
  4461 | D:5      | Found Umiwizen's Distillery.
  4469 | D:5      | Bought a potion of curing for 39 gold pieces
  5147 | D:5      | Reached skill level 5 in Fighting
  5259 | D:5      | Found a sacrificial altar of Ru.
  5271 | D:5      | Got a jewelled leather armour
  5287 | D:5      | Identified the +2 leather armour of the Many Wishes {rPois} (You found it on level 5 of the Dungeon)
  5365 | D:5      | Found an ancient bone altar of Kikubaaqudgha.
  6180 | D:6      | Reached skill level 5 in Armour
  6247 | D:6      | Found Javeok Hauc's Antique Weapon Emporium.
  6272 | D:6      | Reached XP level 9. HP: 55/55 MP: 9/9
  6556 | D:6      | Noticed Duvessa
  6557 | D:6      | Noticed Dowan
  6583 | D:6      | Killed Duvessa
  6592 | D:6      | Killed Dowan
  6614 | D:6      | Found a staircase to the Ecumenical Temple.
  6623 | Temple   | Entered the Ecumenical Temple
  6641 | Temple   | Became a worshipper of Cheibriados the Contemplative
  6785 | D:7      | Found an oddly glowing altar of Pakellas.
  6818 | D:7      | Reached skill level 1 in Invocations
  6854 | D:7      | Slain by an orc warrior

Vault maps used:
D:1:      lightli_arrival_farm
D:2:      xom_teletrap_fun, kennysheep_generic_room_3
D:3:      kennysheep_slugbush, first_bread, uniq_sigmund
D:4:      nemelex_deck, uniq_menkaure
D:5:      minmay_opposing_rooms, old_standard_altar, kiku_gazebo_garden_becter,
          serial_shops, nicolae_shop_crystal
D:6:      temple_hall, serial_shops, shop, minmay_misc_feat_x, uniq_duvessa
D:7:      kennysheep_mini
Temple:   temple_eino_lava_12

Skill      XL: |  1  2  3  4  5  6  7  8  9 |
---------------+----------------------------+-----
Staves         | 4 5 6 7 9 |  9.3
Armour         | 2 5 6 |  6.6
Fighting       | 6 |  6.0
Invocations    | 1 |  1.4
Throwing       | |  1.7
Dodging        | |  2.4

Action                   |  1- 3 |  4- 6 |  7- 9 || total
-------------------------+-------+-------+-------++-------
Melee: Quarterstaff      |    87 |   194 |   380 ||   661
  Use: Scroll            |       |     2 |       ||     2
  Eat: Chunk             |       |     7 |     8 ||    15
       Beef jerky        |       |       |     1 ||     1
       Royal jelly       |       |       |     1 ||     1
       Fruit             |       |       |     1 ||     1
Armor: Leather armour    |    29 |       |       ||    29
       Plate armour      |       |   139 |   278 ||   417
Dodge: Dodged            |    61 |    65 |   104 ||   230
